[ AOE2 MATCH · #481992597 ]
UnrankedGurjaras vs Franks
[ REPLAY ANALYSIS · EXTRACTED FROM THE RECORDED GAME ]
Feudal
16:23
Castle
35:34
Imperial
—
| APM avg | 8.1 |
| APM peak | 64 |
| eAPM avg | 4.4 |
| Villagers / military | 67 / 50 |
Focus
⚔️ 24.3% · 🌾 75.7%
Chakram Thrower ×30 · Camel Scout ×17 · Fire Galley ×2 · Scout Cavalry ×1
Feudal
18:05
Castle
33:45
Imperial
—
| APM avg | 3.9 |
| APM peak | 22 |
| eAPM avg | 3.2 |
| Villagers / military | 51 / 70 |
Focus
⚔️ 36.1% · 🌾 63.9%
Spearman ×19 · Militia ×12 · Fishing Ship ×12 · Archer ×10 · Knight ×10 · Throwing Axeman ×6
Feudal
14:02
Castle
24:22
Imperial
39:38
| APM avg | 14.8 |
| APM peak | 157 |
| eAPM avg | 11.4 |
| Villagers / military | 143 / 589 |
Focus
⚔️ 44.5% · 🌾 55.5%
Samurai ×337 · Spearman ×185 · Fishing Ship ×32 · Cannon Galleon ×27 · Trebuchet (Packed) ×20 · Fire Galley ×18
Feudal
16:18
Castle
22:18
Imperial
48:02
| APM avg | 10.4 |
| APM peak | 41 |
| eAPM avg | 7.2 |
| Villagers / military | 86 / 788 |
Focus
⚔️ 54.0% · 🌾 46.0%
Archer ×458 · Knight ×266 · Tarkan ×30 · Trebuchet (Packed) ×18 · Battering Ram ×13 · Monk ×3
Match map
Initial resources + every placement click. Lines = walls · curves = elevation contours. ◆ gold · ⬟ stone · ● berries · ✦ relic · ◌ wall gap
Your base· Open — 3t gap
gilhugo's base· Open — unwalled flank
draisressalent's base· Open — unwalled flank
juanba104's base· Open — 12t gap
Smoothed initial terrain · ◌ = detected wall gap · hover for details
Inputs per minute
— DANTEASKILL(⌐ ͡ ̯ʖ ͡︻ - - gilhugo
Build order — DANTEASKILL(⌐ ͡ ̯ʖ ͡︻
First 150 of 197 actions detected
| 0:05 | Build | Town Center |
| 1:49 | Build | House |
| 2:26 | Create | Villager (Male) |
| 2:26 | Create | Villager (Male) |
| 2:26 | Create | Villager (Male) |
| 2:27 | Create | Villager (Male) |
| 2:27 | Create | Villager (Male) |
| 2:27 | Create | Villager (Male) |
| 2:32 | Build | Mill |
| 2:57 | Build | House |
| 3:39 | Create | Villager (Male) |
| 5:02 | Create | Villager (Male) |
| 5:03 | Create | Villager (Male) |
| 5:39 | Create | Villager (Male) |
| 5:57 | Build | Lumber Camp |
| 7:08 | Create | Villager (Male) |
| 7:10 | Create | Villager (Male) |
| 7:12 | Create | Villager (Male) |
| 8:10 | Create | Villager (Male) |
| 9:19 | Build | Mill |
| 11:03 | Create | Villager (Male) |
| 11:03 | Create | Villager (Male) |
| 11:03 | Create | Villager (Male) |
| 12:25 | Build | House |
| 12:25 | Build | House |
| 12:28 | Build | House |
| 12:45 | Build | Barracks |
| 13:15 | Build | Mill |
| 13:30 | Create | Villager (Male) |
| 13:35 | Research | Feudal Age |
| 13:59 | Build | Mining Camp |
| 15:27 | Create | Villager (Male) |
| 15:28 | Create | Villager (Male) |
| 15:28 | Create | Villager (Male) |
| 15:28 | Create | Villager (Male) |
| 15:42 | Create | Villager (Male) |
| 16:05 | Build | Dock |
| 16:23 | Age | Feudal Age |
| 16:56 | Build | Stable |
| 18:01 | Research | Horse Collar |
| 18:32 | Create | Villager (Male) |
| 18:33 | Research | Wheelbarrow |
| 19:29 | Build | Watch Tower |
| 20:11 | Build | Palisade Wall |
| 20:19 | Build | Palisade Wall |
| 20:43 | Create | Camel Scout |
| 20:44 | Create | Camel Scout |
| 20:46 | Create | Camel Scout |
| 22:27 | Build | Farm |
| 22:53 | Create | Camel Scout |
| 23:01 | Build | Blacksmith |
| 23:12 | Research | Bloodlines |
| 24:38 | Build | Mining Camp |
| 24:56 | Build | Palisade Wall |
| 25:09 | Build | Mining Camp |
| 25:16 | Research | Forging |
| 25:17 | Research | Scale Mail Armor |
| 25:46 | Build | Mill |
| 25:53 | Create | Villager (Male) |
| 25:54 | Create | Villager (Male) |
| 25:54 | Create | Villager (Male) |
| 25:54 | Create | Villager (Male) |
| 25:54 | Create | Villager (Male) |
| 26:15 | Create | Fire Galley |
| 26:16 | Create | Fire Galley |
| 26:56 | Create | Villager (Male) |
| 26:57 | Create | Villager (Male) |
| 28:55 | Create | Scout Cavalry |
| 30:53 | Build | Mining Camp |
| 31:04 | Build | Palisade Wall |
| 31:09 | Build | Farm |
| 31:12 | Build | Farm |
| 31:22 | Build | Farm |
| 31:36 | Research | Gold Mining |
| 32:54 | Research | Castle Age |
| 35:05 | Build | Mining Camp |
| 35:34 | Age | Castle Age |
| 38:08 | Build | Town Center |
| 38:53 | Research | Heavy Plow |
| 39:11 | Build | Mill |
| 39:32 | Create | Villager (Male) |
| 39:33 | Create | Villager (Male) |
| 39:33 | Create | Villager (Male) |
| 39:33 | Create | Villager (Male) |
| 39:38 | Build | House |
| 41:07 | Create | Villager (Male) |
| 41:20 | Create | Villager (Male) |
| 41:20 | Create | Villager (Male) |
| 41:21 | Create | Villager (Male) |
| 42:36 | Create | Villager (Male) |
| 42:37 | Create | Villager (Male) |
| 42:38 | Create | Villager (Male) |
| 42:38 | Create | Villager (Male) |
| 44:11 | Build | Lumber Camp |
| 44:34 | Build | House |
| 44:37 | Create | Villager (Male) |
| 44:37 | Create | Villager (Male) |
| 44:46 | Build | House |
| 44:48 | Build | House |
| 44:50 | Build | House |
| 45:07 | Create | Villager (Male) |
| 45:07 | Create | Villager (Male) |
| 47:54 | Research | Hand Cart |
| 48:19 | Build | Castle |
| 48:36 | Create | Villager (Male) |
| 48:37 | Create | Villager (Male) |
| 50:25 | Create | Villager (Male) |
| 50:26 | Create | Villager (Male) |
| 52:28 | Build | Farm |
| 52:29 | Build | Farm |
| 52:29 | Build | Farm |
| 52:30 | Build | Farm |
| 52:31 | Build | Farm |
| 52:32 | Build | Farm |
| 52:35 | Build | Farm |
| 52:36 | Build | Farm |
| 52:37 | Build | Farm |
| 52:38 | Build | Farm |
| 52:42 | Build | Farm |
| 52:43 | Build | Farm |
| 52:57 | Build | Farm |
| 52:57 | Build | Farm |
| 52:57 | Build | Farm |
| 52:58 | Build | Farm |
| 52:58 | Build | Farm |
| 53:16 | Create | Chakram Thrower |
| 53:16 | Create | Chakram Thrower |
| 53:16 | Create | Chakram Thrower |
| 53:17 | Create | Chakram Thrower |
| 53:17 | Create | Chakram Thrower |
| 53:17 | Create | Chakram Thrower |
| 53:17 | Create | Chakram Thrower |
| 53:18 | Create | Chakram Thrower |
| 53:18 | Create | Chakram Thrower |
| 53:18 | Create | Chakram Thrower |
| 53:18 | Create | Chakram Thrower |
| 53:19 | Create | Chakram Thrower |
| 53:19 | Create | Chakram Thrower |
| 53:19 | Create | Chakram Thrower |
| 53:30 | Create | Chakram Thrower |
| 54:11 | Build | Stable |
| 54:30 | Create | Chakram Thrower |
| 54:30 | Create | Chakram Thrower |
| 54:31 | Create | Chakram Thrower |
| 54:31 | Create | Chakram Thrower |
| 54:31 | Create | Chakram Thrower |
| 54:46 | Create | Chakram Thrower |
| 54:47 | Create | Chakram Thrower |
| 56:23 | Create | Camel Scout |
| 56:23 | Create | Camel Scout |
Build order — gilhugo
First 150 of 188 actions detected
| 0:30 | Build | Town Center |
| 3:12 | Create | Villager (Male) |
| 3:13 | Create | Villager (Male) |
| 3:13 | Create | Villager (Male) |
| 3:38 | Build | House |
| 4:10 | Create | Villager (Male) |
| 4:11 | Create | Villager (Male) |
| 4:23 | Build | House |
| 5:23 | Create | Villager (Male) |
| 5:23 | Create | Villager (Male) |
| 5:55 | Create | Villager (Male) |
| 5:55 | Create | Villager (Male) |
| 6:30 | Create | Villager (Male) |
| 6:30 | Create | Villager (Male) |
| 7:12 | Build | Mill |
| 7:23 | Create | Villager (Male) |
| 7:23 | Create | Villager (Male) |
| 8:18 | Build | House |
| 8:31 | Build | Dock |
| 8:49 | Create | Villager (Male) |
| 8:50 | Create | Villager (Male) |
| 8:50 | Create | Villager (Male) |
| 9:16 | Build | Farm |
| 9:43 | Create | Fishing Ship |
| 9:44 | Create | Fishing Ship |
| 10:22 | Build | Mining Camp |
| 10:32 | Create | Villager (Male) |
| 10:33 | Create | Villager (Male) |
| 10:33 | Create | Villager (Male) |
| 10:59 | Create | Fishing Ship |
| 11:50 | Create | Villager (Male) |
| 11:51 | Create | Villager (Male) |
| 11:51 | Create | Villager (Male) |
| 11:59 | Create | Fishing Ship |
| 11:59 | Create | Fishing Ship |
| 12:12 | Build | House |
| 12:59 | Build | House |
| 13:04 | Create | Villager (Male) |
| 13:04 | Create | Villager (Male) |
| 13:11 | Create | Fishing Ship |
| 13:11 | Create | Fishing Ship |
| 13:36 | Create | Villager (Male) |
| 13:49 | Build | Farm |
| 14:02 | Build | Farm |
| 14:12 | Build | House |
| 14:22 | Create | Fishing Ship |
| 14:29 | Create | Villager (Male) |
| 14:30 | Create | Villager (Male) |
| 14:44 | Build | Farm |
| 15:07 | Create | Fishing Ship |
| 15:49 | Build | House |
| 15:55 | Research | Feudal Age |
| 16:25 | Build | Barracks |
| 17:35 | Create | Militia |
| 17:35 | Create | Militia |
| 17:36 | Create | Militia |
| 17:42 | Create | Militia |
| 17:42 | Create | Militia |
| 17:42 | Create | Militia |
| 18:05 | Age | Feudal Age |
| 18:17 | Build | Stable |
| 18:26 | Research | Wheelbarrow |
| 19:14 | Create | Scout Cavalry |
| 19:14 | Create | Scout Cavalry |
| 19:14 | Create | Scout Cavalry |
| 19:57 | Build | Watch Tower |
| 20:51 | Build | House |
| 21:35 | Build | Dock |
| 22:19 | Create | Spearman |
| 22:19 | Create | Spearman |
| 22:19 | Create | Spearman |
| 22:20 | Create | Spearman |
| 22:20 | Create | Spearman |
| 22:36 | Create | Villager (Male) |
| 22:36 | Create | Villager (Male) |
| 22:37 | Create | Villager (Male) |
| 22:37 | Create | Villager (Male) |
| 22:42 | Create | Spearman |
| 22:43 | Create | Spearman |
| 22:43 | Create | Spearman |
| 22:52 | Build | Archery Range |
| 22:59 | Build | Farm |
| 24:11 | Build | Mining Camp |
| 24:28 | Create | Fishing Ship |
| 24:29 | Create | Fishing Ship |
| 24:29 | Create | Fishing Ship |
| 25:10 | Create | Villager (Male) |
| 25:10 | Create | Villager (Male) |
| 25:10 | Create | Villager (Male) |
| 26:04 | Build | Mining Camp |
| 26:27 | Build | House |
| 26:49 | Create | Villager (Male) |
| 26:49 | Create | Villager (Male) |
| 27:05 | Research | Stone Mining |
| 27:40 | Create | Galley |
| 28:13 | Build | Blacksmith |
| 28:21 | Create | Villager (Male) |
| 28:21 | Create | Villager (Male) |
| 28:51 | Create | Spearman |
| 28:51 | Create | Spearman |
| 29:05 | Create | Archer |
| 29:06 | Create | Archer |
| 29:06 | Create | Archer |
| 29:26 | Research | Padded Archer Armor |
| 29:33 | Build | Watch Tower |
| 29:51 | Build | Lumber Camp |
| 30:00 | Research | Castle Age |
| 30:03 | Create | Spearman |
| 30:03 | Create | Spearman |
| 30:03 | Create | Spearman |
| 30:19 | Build | Farm |
| 30:29 | Create | Galley |
| 30:29 | Create | Galley |
| 30:41 | Build | House |
| 31:10 | Research | Double-Bit Axe |
| 31:13 | Research | Forging |
| 31:22 | Build | House |
| 31:45 | Research | Gold Mining |
| 32:02 | Build | Mining Camp |
| 32:19 | Research | Fletching |
| 33:00 | Build | Watch Tower |
| 33:17 | Create | Scout Cavalry |
| 33:17 | Create | Scout Cavalry |
| 33:40 | Create | Galley |
| 33:40 | Create | Galley |
| 33:45 | Age | Castle Age |
| 34:02 | Build | Monastery |
| 34:27 | Research | Scale Barding Armor |
| 35:00 | Create | Villager (Male) |
| 35:00 | Create | Villager (Male) |
| 35:00 | Create | Villager (Male) |
| 35:14 | Build | Castle |
| 35:44 | Build | Castle |
| 35:51 | Create | Monk |
| 35:57 | Create | Villager (Male) |
| 35:57 | Create | Villager (Male) |
| 35:57 | Create | Villager (Male) |
| 35:58 | Create | Villager (Male) |
| 35:58 | Create | Villager (Male) |
| 36:15 | Build | House |
| 36:27 | Build | Farm |
| 36:33 | Research | Gold Shaft Mining |
| 36:36 | Research | Scale Mail Armor |
| 36:39 | Research | Hand Cart |
| 37:57 | Create | Spearman |
| 37:57 | Create | Spearman |
| 37:58 | Create | Spearman |
| 38:00 | Create | Knight |
| 38:00 | Create | Knight |
| 38:00 | Create | Knight |
Build order — draisressalent
First 150 of 514 actions detected
| 0:17 | Build | Town Center |
| 1:27 | Build | Dock |
| 2:31 | Create | Villager (Male) |
| 2:31 | Create | Villager (Male) |
| 2:31 | Create | Villager (Male) |
| 2:32 | Create | Villager (Male) |
| 2:32 | Research | Loom |
| 2:42 | Build | House |
| 3:58 | Build | House |
| 4:23 | Create | Fishing Ship |
| 4:45 | Create | Villager (Male) |
| 5:57 | Create | Villager (Male) |
| 5:57 | Create | Villager (Male) |
| 6:02 | Create | Villager (Male) |
| 6:04 | Create | Fishing Ship |
| 7:45 | Build | Mill |
| 8:00 | Create | Fishing Ship |
| 8:36 | Create | Fishing Ship |
| 8:56 | Create | Villager (Male) ×5 |
| 10:00 | Create | Fishing Ship |
| 10:00 | Create | Fishing Ship |
| 10:01 | Create | Fishing Ship |
| 10:07 | Build | House |
| 11:33 | Build | Mining Camp |
| 11:47 | Build | Mining Camp |
| 11:50 | Research | Feudal Age |
| 11:54 | Create | Villager (Male) |
| 11:54 | Create | Villager (Male) |
| 11:55 | Create | Villager (Male) |
| 12:01 | Create | Fishing Ship |
| 12:01 | Create | Fishing Ship |
| 14:02 | Age | Feudal Age |
| 14:11 | Research | Tech 906 |
| 14:13 | Create | Fishing Ship |
| 14:13 | Create | Fishing Ship |
| 14:23 | Build | House |
| 14:24 | Build | House |
| 14:25 | Build | House |
| 14:27 | Build | House |
| 14:38 | Build | Lumber Camp |
| 15:25 | Research | Double-Bit Axe |
| 16:45 | Create | Fishing Ship |
| 16:45 | Create | Fishing Ship |
| 17:25 | Build | Watch Tower |
| 17:30 | Build | Barracks |
| 17:41 | Research | Wheelbarrow |
| 18:12 | Create | Villager (Male) |
| 19:10 | Build | Watch Tower |
| 20:17 | Build | Market |
| 20:24 | Build | Blacksmith |
| 20:40 | Research | Town Watch |
| 21:32 | Build | Stable |
| 21:42 | Research | Castle Age |
| 21:50 | Build | Watch Tower |
| 22:57 | Research | Stone Mining |
| 23:31 | Create | Villager (Male) ×2 |
| 23:31 | Create | Villager (Male) ×2 |
| 23:47 | Build | Mining Camp |
| 24:22 | Age | Castle Age |
| 24:30 | Research | Gillnets |
| 24:34 | Create | Trade Cog |
| 24:35 | Create | Trade Cog |
| 24:58 | Build | Farm |
| 24:58 | Build | Farm |
| 24:59 | Build | Farm |
| 24:59 | Build | Farm |
| 24:59 | Build | Farm |
| 25:05 | Create | Villager (Male) |
| 25:05 | Create | Villager (Male) |
| 25:40 | Create | Villager (Male) |
| 25:40 | Create | Villager (Male) |
| 25:41 | Create | Villager (Male) |
| 26:23 | Build | Castle |
| 26:45 | Create | Villager (Male) |
| 26:45 | Create | Villager (Male) |
| 26:45 | Create | Villager (Male) |
| 26:46 | Create | Villager (Male) |
| 27:20 | Build | Lumber Camp |
| 27:40 | Create | Villager (Male) |
| 27:40 | Create | Villager (Male) |
| 27:40 | Create | Villager (Male) |
| 27:40 | Create | Villager (Male) |
| 27:57 | Create | Fishing Ship |
| 27:57 | Create | Fishing Ship |
| 27:57 | Create | Fishing Ship |
| 27:58 | Create | Fishing Ship |
| 28:36 | Research | Bow Saw |
| 29:06 | Create | Samurai |
| 29:06 | Create | Samurai |
| 29:06 | Create | Samurai |
| 29:07 | Create | Samurai |
| 29:07 | Create | Samurai |
| 29:07 | Create | Samurai |
| 29:17 | Create | Samurai |
| 29:17 | Create | Samurai |
| 29:18 | Create | Samurai |
| 29:18 | Create | Samurai |
| 29:18 | Create | Samurai |
| 29:24 | Create | Fishing Ship |
| 29:25 | Create | Fishing Ship |
| 29:31 | Build | House |
| 29:32 | Build | House |
| 30:10 | Create | Villager (Male) |
| 30:10 | Create | Villager (Male) |
| 30:10 | Create | Villager (Male) |
| 30:11 | Create | Villager (Male) |
| 30:11 | Create | Villager (Male) |
| 30:23 | Research | Forging |
| 30:42 | Create | Scout Cavalry |
| 30:44 | Research | Husbandry |
| 30:54 | Research | Husbandry |
| 31:14 | Build | House |
| 31:15 | Build | House |
| 31:16 | Build | House |
| 31:35 | Create | Villager (Male) |
| 31:35 | Create | Villager (Male) |
| 31:35 | Create | Villager (Male) |
| 34:12 | Create | Villager (Male) |
| 34:39 | Research | Yasama |
| 34:39 | Research | Yasama |
| 34:53 | Build | University |
| 35:02 | Build | Monastery |
| 36:00 | Build | Watch Tower |
| 36:04 | Research | Murder Holes |
| 36:05 | Research | Guard Tower (upgrade) |
| 36:28 | Research | Imperial Age |
| 36:48 | Create | Samurai |
| 36:49 | Create | Samurai |
| 36:59 | Create | Samurai |
| 36:59 | Create | Samurai |
| 37:00 | Create | Samurai |
| 37:00 | Create | Samurai |
| 37:00 | Create | Samurai |
| 37:01 | Create | Samurai |
| 37:33 | Research | War Galley (upgrade) |
| 37:36 | Create | Fire Galley |
| 37:52 | Research | Scale Mail Armor |
| 38:05 | Create | Villager (Male) |
| 38:05 | Create | Villager (Male) |
| 38:05 | Create | Villager (Male) |
| 38:06 | Create | Villager (Male) |
| 38:07 | Create | Villager (Male) |
| 38:07 | Create | Villager (Male) |
| 38:17 | Build | Town Center |
| 38:34 | Create | Samurai |
| 38:34 | Create | Samurai |
| 38:49 | Create | Fishing Ship |
| 38:50 | Create | Fishing Ship |
| 38:50 | Create | Fishing Ship |
| 38:50 | Create | Fishing Ship |
Build order — juanba104
First 150 of 482 actions detected
| 0:10 | Build | Town Center |
| 3:07 | Create | Villager (Male) |
| 3:07 | Create | Villager (Male) |
| 3:07 | Create | Villager (Male) |
| 3:07 | Create | Villager (Male) |
| 3:08 | Create | Villager (Male) |
| 3:14 | Research | Loom |
| 4:03 | Create | Villager (Male) |
| 4:03 | Create | Villager (Male) |
| 4:26 | Create | Villager (Male) |
| 4:56 | Build | Lumber Camp |
| 5:03 | Create | Villager (Male) |
| 5:16 | Create | Villager (Male) |
| 6:33 | Create | Villager (Male) |
| 6:33 | Create | Villager (Male) |
| 6:34 | Create | Villager (Male) |
| 7:32 | Build | Mill |
| 8:08 | Create | Villager (Male) |
| 8:08 | Create | Villager (Male) |
| 8:44 | Create | Villager (Male) |
| 8:44 | Create | Villager (Male) |
| 8:44 | Create | Villager (Male) |
| 8:45 | Create | Villager (Male) |
| 9:01 | Create | Villager (Male) |
| 9:02 | Create | Villager (Male) |
| 9:30 | Create | Villager (Male) |
| 10:00 | Create | Villager (Male) |
| 10:00 | Create | Villager (Male) |
| 10:00 | Create | Villager (Male) |
| 10:24 | Create | Villager (Male) |
| 10:25 | Create | Villager (Male) |
| 10:25 | Create | Villager (Male) |
| 11:02 | Create | Villager (Male) |
| 12:36 | Create | Villager (Male) |
| 13:09 | Build | Mining Camp |
| 14:08 | Research | Feudal Age |
| 14:36 | Create | Villager (Male) |
| 14:36 | Create | Villager (Male) |
| 16:08 | Build | Farm |
| 16:09 | Build | Farm |
| 16:11 | Build | Farm |
| 16:12 | Build | Farm |
| 16:14 | Build | Farm |
| 16:18 | Age | Feudal Age |
| 16:35 | Build | Market |
| 16:42 | Build | Blacksmith |
| 17:21 | Build | Farm |
| 17:23 | Build | Farm |
| 17:24 | Build | Farm |
| 17:25 | Build | Farm |
| 17:28 | Build | Farm |
| 17:32 | Build | Farm |
| 17:34 | Build | Farm |
| 17:44 | Build | Farm |
| 18:05 | Build | Farm |
| 18:13 | Build | Farm |
| 18:19 | Build | Farm |
| 19:06 | Build | Lumber Camp |
| 19:38 | Research | Castle Age |
| 19:42 | Create | Villager (Male) |
| 19:43 | Create | Villager (Male) |
| 22:00 | Research | Double-Bit Axe |
| 22:05 | Research | Horse Collar |
| 22:18 | Age | Castle Age |
| 22:26 | Create | Villager (Male) |
| 22:26 | Create | Villager (Male) |
| 22:26 | Create | Villager (Male) |
| 22:27 | Create | Villager (Male) |
| 22:44 | Build | Town Center |
| 23:22 | Build | Barracks |
| 24:25 | Build | Archery Range |
| 25:00 | Create | Villager (Male) |
| 25:00 | Create | Villager (Male) |
| 25:00 | Create | Villager (Male) |
| 25:01 | Create | Villager (Male) |
| 25:01 | Create | Villager (Male) |
| 25:04 | Create | Villager (Male) |
| 25:04 | Create | Villager (Male) |
| 25:05 | Create | Villager (Male) |
| 25:05 | Create | Villager (Male) |
| 25:05 | Create | Villager (Male) |
| 25:05 | Create | Villager (Male) |
| 25:06 | Create | Villager (Male) |
| 25:06 | Create | Villager (Male) |
| 25:06 | Create | Villager (Male) |
| 25:06 | Create | Villager (Male) |
| 25:07 | Create | Villager (Male) |
| 25:07 | Create | Villager (Male) |
| 25:07 | Create | Villager (Male) |
| 25:08 | Create | Villager (Male) |
| 25:08 | Create | Villager (Male) |
| 25:08 | Create | Villager (Male) |
| 25:09 | Create | Villager (Male) |
| 25:09 | Create | Villager (Male) |
| 25:27 | Build | Stone Wall |
| 25:44 | Research | Crossbowman (upgrade) |
| 26:17 | Create | Villager (Male) |
| 26:17 | Create | Villager (Male) ×3 |
| 26:18 | Create | Villager (Male) |
| 26:18 | Create | Villager (Male) ×2 |
| 26:31 | Build | Monastery |
| 27:07 | Create | Villager (Male) |
| 27:08 | Create | Villager (Male) |
| 27:08 | Create | Villager (Male) |
| 27:08 | Create | Villager (Male) |
| 27:08 | Create | Villager (Male) |
| 27:09 | Create | Villager (Male) |
| 27:09 | Create | Villager (Male) |
| 27:25 | Build | Mining Camp |
| 27:34 | Create | Monk |
| 27:47 | Research | Fletching |
| 27:47 | Research | Padded Archer Armor |
| 28:45 | Build | Stone Wall |
| 29:00 | Research | Thumb Ring |
| 29:08 | Create | Archer ×5 |
| 29:08 | Create | Archer ×5 |
| 29:08 | Create | Archer ×5 |
| 29:08 | Create | Archer ×5 |
| 29:08 | Create | Archer ×3 |
| 29:43 | Create | Archer |
| 29:43 | Create | Archer |
| 29:44 | Create | Archer |
| 29:45 | Create | Archer |
| 29:46 | Create | Archer |
| 29:58 | Research | Gold Mining |
| 30:37 | Build | Watch Tower |
| 30:44 | Research | Gold Shaft Mining |
| 30:53 | Create | Archer |
| 30:53 | Create | Archer |
| 30:54 | Create | Archer |
| 31:22 | Build | Archery Range |
| 31:25 | Build | Archery Range |
| 31:36 | Research | Leather Archer Armor |
| 31:37 | Research | Bodkin Arrow |
| 32:43 | Build | Outpost |
| 33:01 | Create | Archer ×5 |
| 33:01 | Create | Archer ×5 |
| 33:01 | Create | Archer ×5 |
| 33:01 | Create | Archer ×3 |
| 33:19 | Research | Wheelbarrow |
| 33:20 | Research | Town Watch |
| 33:26 | Research | Town Watch |
| 33:44 | Create | Villager (Male) |
| 33:44 | Create | Villager (Male) |
| 33:45 | Create | Villager (Male) |
| 33:45 | Create | Villager (Male) |
| 33:45 | Create | Villager (Male) |
| 33:45 | Create | Villager (Male) |
| 33:46 | Create | Villager (Male) |
| 33:46 | Create | Villager (Male) |
Match timeline
| 1:27 | draisressalent · first_building Dock |
| 8:31 | gilhugo · first_building Dock |
| 12:45 | DANTEASKILL(⌐ ͡ ̯ʖ ͡︻ · first_building Barracks |
| 14:02 | draisressalent · age_up feudal |
| 16:05 | DANTEASKILL(⌐ ͡ ̯ʖ ͡︻ · first_building Dock |
| 16:18 | juanba104 · age_up feudal |
| 16:23 | DANTEASKILL(⌐ ͡ ̯ʖ ͡︻ · age_up feudal |
| 16:25 | gilhugo · first_building Barracks |
| 16:56 | DANTEASKILL(⌐ ͡ ̯ʖ ͡︻ · first_building Stable |
| 17:30 | draisressalent · first_building Barracks |
| 18:05 | gilhugo · age_up feudal |
| 18:17 | gilhugo · first_building Stable |
| 20:11 | DANTEASKILL(⌐ ͡ ̯ʖ ͡︻ · wall_segment Palisade Wall x22 |
| 20:19 | DANTEASKILL(⌐ ͡ ̯ʖ ͡︻ · wall_segment Palisade Wall x2 |
| 21:32 | draisressalent · first_building Stable |
| 22:18 | juanba104 · age_up castle |
| 22:52 | gilhugo · first_building Archery Range |
| 23:22 | juanba104 · first_building Barracks |
| 24:22 | draisressalent · age_up castle |
| 24:25 | juanba104 · first_building Archery Range |
| 24:56 | DANTEASKILL(⌐ ͡ ̯ʖ ͡︻ · wall_segment Palisade Wall x13 |
| 25:27 | juanba104 · wall_segment Stone Wall x14 |
| 26:23 | draisressalent · first_building Castle |
| 26:31 | juanba104 · first_building Monastery |
| 28:45 | juanba104 · wall_segment Stone Wall x7 |
| 29:14 | draisressalent · first_market_buy 500 food |
| 31:04 | DANTEASKILL(⌐ ͡ ̯ʖ ͡︻ · wall_segment Palisade Wall x1 |
| 33:38 | draisressalent · first_market_sell 100 wood |
| 33:45 | gilhugo · age_up castle |
| 34:02 | gilhugo · first_building Monastery |
| 35:02 | draisressalent · first_building Monastery |
| 35:14 | gilhugo · first_building Castle |
| 35:34 | DANTEASKILL(⌐ ͡ ̯ʖ ͡︻ · age_up castle |
| 36:08 | juanba104 · first_building Castle |
| 39:38 | draisressalent · age_up imperial |
| 43:38 | juanba104 · first_building Siege Workshop |
| 44:50 | gilhugo · resign |
| 48:02 | juanba104 · age_up imperial |
| 48:19 | DANTEASKILL(⌐ ͡ ̯ʖ ͡︻ · first_building Castle |
| 65:27 | juanba104 · first_building Stable |
| 85:23 | DANTEASKILL(⌐ ͡ ̯ʖ ͡︻ · tribute_sent a jugador 1 |
| 85:23 | DANTEASKILL(⌐ ͡ ̯ʖ ͡︻ · tribute_sent a jugador 3 |
| 85:23 | DANTEASKILL(⌐ ͡ ̯ʖ ͡︻ · tribute_sent a jugador 4 |
| 87:04 | DANTEASKILL(⌐ ͡ ̯ʖ ͡︻ · tribute_sent a jugador 1 |
| 87:04 | DANTEASKILL(⌐ ͡ ̯ʖ ͡︻ · tribute_sent a jugador 3 |
| 87:04 | DANTEASKILL(⌐ ͡ ̯ʖ ͡︻ · tribute_sent a jugador 4 |
| 111:07 | juanba104 · first_market_sell 500 wood |
[ AI ANALYSIS · 1 CREDIT ]
What really happened in this match?
Wolo.gg analyzes every decision: build order, eco, micro, common mistakes by bracket. Personalized analysis on WhatsApp or Discord in 30 seconds.
Civ guide
Gurjaras
Perfil
Jugador #22642003